 Dungeon Crawl Stone Soup version 0.16-a0-3476-g5f3739d (webtiles) character file.

2894 Sientara the Basher (level 9, 0/71 HPs)
             Began as a Minotaur Fighter on Jan 3, 2015.
             Was an Initiate of Pakellas.
             Killed by nerve-wracking pain
             ... invoked by an orc priest
              (10 damage)
             ... on level 8 of the Dungeon.
             The game lasted 00:25:53 (8273 turns).

Sientara the Basher (Minotaur Fighter)              Turns: 8273, Time: 00:25:53

Health: 0/71       AC: 12    Str: 24    XL:     9   Next: 48%
Magic:  12/12      EV:  7    Int:  3    God:    Pakellas [......]
Gold:   404        SH: 11    Dex: 12    Spells: 0 memorised, 8 levels left

rFire  . . .     SeeInvis +     a - +1 flail (crush)
rCold  + . .     Clarity  .     s - +0 chain mail
rNeg   . . .     SustAb   .     c - +0 shield
rPois  .         Gourm    .     (helmet restricted)
rElec  .         Spirit   .     (no cloak)
rCorr  .         Warding  .     x - +1 pair of gloves
rMut   .         Stasis   .     (no boots)
MR     .....                    (no amulet)
Stlth  ..........               b - +2 ring of strength
                                l - ring of see invisible

@: very slightly contaminated, invisible, not resistant to hostile enchantments,
extremely unstealthy
A: retaliatory headbutt, horns 2, cold resistance 1, dopey 1
a: Renounce Religion


You were on level 8 of the Dungeon.
You worshipped Pakellas.
Pakellas was noncommittal.
You were not hungry.

You visited 2 branches of the dungeon, and saw 9 of its levels.
You also visited: Sewer.

You collected 404 gold pieces.

Inventory:

Hand weapons
 a - a +1 flail of crushing (weapon)
 t - a +0 flail
Armour
 c - a +0 shield (worn)
 s - a +0 chain mail (worn)
 x - a +1 pair of gloves (worn)
Rods
 v - a -2 rod of ignition (11/11)
   (You found it on level 4 of the Dungeon)
Jewellery
 b - a +2 ring of strength (right hand)
 j - a +1 ring of protection
 l - a ring of see invisible (left hand)
 m - an uncursed ring of sustain abilities
Magical devices
 e - a wand of magic darts (20)
 q - a wand of flame (14)
 r - a wand of disintegration (11)
 B - a wand of confusion (24)
 G - a wand of fire (5)
Scrolls
 g - a scroll of enchant weapon
 h - 2 scrolls of remove curse
 i - 3 scrolls of identify
 k - 4 scrolls of teleportation
 y - 3 scrolls of magic mapping
Potions
 f - 2 potions of berserk rage
 o - 2 potions of brilliance
 p - 6 potions of flight
 z - a potion of restore abilities
 F - a potion of cancellation
Comestibles
 d - 5 bread rations
 n - 2 beef jerkies
 w - 2 meat rations
 C - 2 fruits
 D - a slice of pizza


   Skills:
 - Level 3.9 Fighting
 * Level 11.3 Maces & Flails
 - Level 5.6 Armour
 + Level 8.2 Shields
 + Level 5.6 Evocations


You had 8 spell levels left.
You didn't know any spells.

Dungeon Overview and Level Annotations

Branches:
Dungeon (8/15)             Temple (1/1) D:7
   Lair: D:8-11

Altars:
Ashenzari
Cheibriados
Dithmenos
Elyvilon
Fedhas
Gozag
Kikubaaqudgha
Makhleb
Nemelex Xobeh
Okawaru
Pakellas
Qazlal
Ru
Sif Muna
Trog
Vehumet
Xom
Yredelemnul
Zin
The Shining One


Innate Abilities, Weirdness & Mutations

You reflexively headbutt those who attack you in melee.
You have a pair of horns on your head.
Your flesh is cold resistant.
You are dopey. (Int -2)


Message History

You hit the jelly.
The jelly is lightly wounded.
You block the jelly's attack.
You sock the jelly!
The jelly is severely wounded.
The jelly barely misses you.
You hit the jelly.
You headbutt the jelly, but do no damage.
The jelly is severely wounded.
The jelly hits you but does no damage.
Your shield and chain mail prevent you from hitting the jelly.
You headbutt the jelly.
The jelly is almost dead.
The jelly hits you but does no damage.
You hit the jelly. You headbutt the jelly.
You kill the jelly!
Pakellas accepts your kill.
The orc priest calls down the wrath of Beogh upon you.
Pain shoots through your body!
You die...

#.# #.# #.#
#.# #.# #
#.# #. #.#
#.###.#
#..)@o#
........####
#####.. ###


You could see an orc priest.

Vanquished Creatures
  2 water moccasins
  An ice beast (D:6)
  2 sky beasts
  2 centaurs
  4 ogres
  A gnoll sergeant (D:6)
  2 wyvern skeletons
  2 scorpions (D:6)
  2 giant frogs (D:7)
  5 wights (D:6)
  3 giant frog zombies
  2 crimson imps
  2 centaur zombies
  2 hounds (D:4)
  2 orc priests
  2 jellies
  A giant frog skeleton (D:6)
  4 iguanas
  4 orc wizards
  A centaur skeleton (D:7)
  A siren (Sewer)
  A merfolk avatar (Sewer)
  6 worker ants
  Terence (D:3)
  4 gnolls (D:6)
  11 adders
  4 river rats
  2 giant mites
  6 worms
  An adder skeleton (D:4)
  4 giant geckos (Sewer)
  2 oozes
  16 orcs
  11 bats
  A bat skeleton (D:7)
  A bat zombie (D:6)
  7 hobgoblins
  12 kobolds
  7 quokkas
  4 ball pythons (Sewer)
  2 giant cockroaches (Sewer)
  5 giant newts
  13 goblins
  15 jackals
  A jackal skeleton (D:4)
  42 rats
226 creatures vanquished.

Vanquished Creatures (others)
  2 orc wizards
  A giant spore (D:8)
  A ballistomycete (D:8)
4 creatures vanquished.

Grand Total: 230 creatures vanquished

Notes
Turn   | Place    | Note
--------------------------------------------------------------
     0 | D:1      | Sientara, the Minotaur Fighter, began the quest for the Orb.
     0 | D:1      | Reached XP level 1. HP: 19/19 MP: 1/1
   834 | D:2      | Reached XP level 2. HP: 27/27 MP: 1/1
   975 | D:2      | Huge Dmg: 9 dmg
  1228 | D:2      | Reached skill level 4 in Armour
  1282 | D:2      | Reached XP level 3. HP: 33/33 MP: 2/2
  1914 | D:3      | Noticed Terence
  1930 | D:3      | Killed Terence
  1930 | D:3      | Reached XP level 4. HP: 38/40 MP: 2/2
  2762 | D:4      | Noticed an ogre
  2767 | D:4      | Killed an ogre
  2767 | D:4      | Reached skill level 5 in Maces & Flails
  2767 | D:4      | Reached XP level 5. HP: 42/46 MP: 2/2
  2819 | D:4      | Reached skill level 5 in Armour
  2837 | D:4      | Reached XP level 6. HP: 52/52 MP: 3/3
  2843 | D:4      | Huge Dmg: 11 dmg
  2845 | D:4      | Huge Dmg: 11 dmg
  2847 | D:4      | Huge Dmg: 6 dmg
  2848 | D:4      | Huge Dmg: 9 dmg
  2849 | D:4      | Huge Dmg: 8 dmg
  2852 | D:4      | Huge Dmg: 2 dmg
  2857 | D:4      | Huge Dmg: 14 dmg
  2858 | D:4      | Reached skill level 5 in Shields
  2862 | D:4      | Reached skill level 6 in Maces & Flails
  3096 | D:4      | Identified a -2 rod of ignition (11/11) (You found it on level 4 of the Dungeon)
  3195 | D:4      | Huge Dmg: 6 dmg
  3204 | D:4      | Huge Dmg: 12 dmg
  3208 | D:4      | Huge Dmg: 3 dmg
  3848 | D:4      | Reached skill level 1 in Evocations
  3848 | D:4      | Reached XP level 7. HP: 43/58 MP: 3/4
  4087 | D:5      | Entered Level 5 of the Dungeon
  4110 | D:5      | Huge Dmg: 21 dmg
  4110 | D:5      | Reached skill level 7 in Maces & Flails
  4369 | D:5      | Found a shadowy altar of Dithmenos.
  4563 | D:5      | Huge Dmg: 13 dmg
  4569 | D:5      | Reached skill level 8 in Maces & Flails
  4572 | D:5      | Reached XP level 8. HP: 52/66 MP: 5/6
  4576 | D:5      | Gained mutation: You expend magic power (3 MP) to slightly strengthen your wands. [mutagenic meat]
  4904 | D:6      | Reached skill level 9 in Maces & Flails
  4971 | D:6      | Huge Dmg: 11 dmg
  4995 | D:6      | Found a glowing drain.
  5009 | Sewer    | Entered a sewer
  5647 | D:6      | Reached skill level 10 in Maces & Flails
  5872 | D:6      | Huge Dmg: 16 dmg
  5874 | D:6      | Huge Dmg: 15 dmg
  5875 | D:6      | Huge Dmg: 11 dmg
  6466 | D:6      | Reached XP level 9. HP: 71/71 MP: 10/10
  6470 | D:6      | Gained mutation: Your flesh is cold resistant. [mutagenic meat]
  6471 | D:6      | Lost mutation: You expend magic power (3 MP) to slightly strengthen your wands. [mutagenic meat]
  6472 | D:6      | Gained mutation: You are dopey. (Int -2) [mutagenic meat]
  7443 | D:6      | Reached skill level 5 in Evocations
  7634 | D:7      | Reached skill level 11 in Maces & Flails
  7759 | D:7      | Found a white marble altar of Elyvilon.
  7808 | D:7      | Found a staircase to the Ecumenical Temple.
  7813 | Temple   | Entered the Ecumenical Temple
  7841 | Temple   | Became a worshipper of Pakellas the Inventive
  8195 | D:7      | Found a basalt altar of Yredelemnul.
  8242 | D:8      | Huge Dmg: 13 dmg
  8244 | D:8      | Huge Dmg: 10 dmg
  8247 | D:8      | Huge Dmg: 15 dmg
  8248 | D:8      | Huge Dmg: 12 dmg
  8252 | D:8      | Huge Dmg: 11 dmg
  8273 | D:8      | Killed from afar by an orc priest

Action                   |  1- 3 |  4- 6 |  7- 9 || total
-------------------------+-------+-------+-------++-------
Melee: Flail             |   110 |   124 |   425 ||   659
Evoke: Rod               |       |       |     2 ||     2
       Wand              |       |       |     1 ||     1
  Use: Potion            |       |     6 |     2 ||     8
       Scroll            |       |       |    15 ||    15
  Eat: Chunk             |     3 |     6 |    20 ||    29
